MID
BELOIT SNAPPERS @ LANSING LUGNUTS
09/15/2044
 
TOP OF THE 1ST
Beloit Snappers batting - Pitching for Lansing Lugnuts : RHP Young-ghil Sohn
Pitching: RHP Young-ghil Sohn
Batting: RHB Willie de los Santos 0-0: Ball
1-0: Ball
2-0: Swinging Strike
2-1: Ground out 6-3 (Groundball, 6MS, EV 81.2 MPH)
Batting: RHB Scott Wiggs 0-0: Foul Ball, location: 2F
0-1: Called Strike
0-2: Strikes out swinging
Batting: SHB D.J. Codd 0-0: Foul Ball, location: 2F
0-1: Ball
1-1: Swinging Strike
1-2: Foul Ball, location: 2F
1-2: Ball
2-2: Strikes out looking
Top of the 1st over - 0 runs, 0 hits, 0 errors, 0 left on base; Beloit 0 - Lansing 0
BOTTOM OF THE 1ST
Lansing Lugnuts batting - Pitching for Beloit Snappers : LHP Jimmy Ford
Pitching: LHP Jimmy Ford
Batting: RHB Elliot Manfredini 0-0: Ball
1-0: Foul Ball, location: 2F
1-1: Called Strike
1-2: Ball
2-2: Ground out 5-3 (Groundball, 56S, EV 87.5 MPH)
Batting: RHB Finn Ross 0-0: TRIPLE (Line Drive, 89XD, EV 97.5 MPH)
Batting: LHB Cedric Saunders 0-0: Ball
1-0: Ball
2-0: Fly out, F7 (Flyball, 7S, EV 92.5 MPH)
Runner from 3rd tags up, SCORES, throw by LF
Batting: RHB Ivan Ramirez 0-0: Fly out, F4 (Popup, 3DF, EV 45.6 MPH)
Bottom of the 1st over - 1 run, 1 hit, 0 errors, 0 left on base; Beloit 0 - Lansing 1
TOP OF THE 2ND
Beloit Snappers batting - Pitching for Lansing Lugnuts : RHP Young-ghil Sohn
Batting: RHB Moses Brokken 0-0: Called Strike
0-1: Foul Ball, location: 2F
0-2: Ball
1-2: Strikes out swinging
Batting: LHB Nick Pacheco 0-0: Foul Ball, location: 2F
0-1: Foul Ball, location: 2F
0-2: Ball
1-2: Ball
2-2: Ground out 5-3 (Groundball, 56, EV 105.6 MPH)
Batting: RHB Diwan Abdul-Salam 0-0: Called Strike
0-1: Ball
1-1: Called Strike
1-2: Foul Ball, location: 2F
1-2: Strikes out swinging
Top of the 2nd over - 0 runs, 0 hits, 0 errors, 0 left on base; Beloit 0 - Lansing 1
BOTTOM OF THE 2ND
Lansing Lugnuts batting - Pitching for Beloit Snappers : LHP Jimmy Ford
Batting: RHB Bryan Westray 0-0: Ball
1-0: Called Strike
1-1: Ball
2-1: Ball
3-1: Called Strike
3-2: Foul Ball, location: 2F
3-2: Base on Balls
Batting: RHB Luis Reyes 0-0: Ball
1-0: Swinging Strike
1-1: Fielders Choice at 2nd, 6-4 (Groundball, 6, EV 91.9 MPH)
Batting: RHB Corey Davis 0-0: Ball
1-0: Fly out, F9 (Flyball, 9LS, EV 78.1 MPH)
Batting: RHB Darren McCarty Jr. 0-0: Ball
1-0: SINGLE (Groundball, 56D, EV 98.8 MPH)
Luis Reyes to second
Batting: LHB Dan Martinez 0-0: Ball
1-0: Swinging Strike
1-1: Called Strike
1-2: Foul Ball, location: 2F
1-2: Ball
2-2: Strikes out looking
Bottom of the 2nd over - 0 runs, 1 hit, 0 errors, 2 left on base; Beloit 0 - Lansing 1
TOP OF THE 3RD
Beloit Snappers batting - Pitching for Lansing Lugnuts : RHP Young-ghil Sohn
Batting: RHB Kyle Waters 0-0: Fly out, F3 (Popup, 3SF, EV 68.8 MPH)
Batting: LHB Raita Inouye 0-0: Called Strike
0-1: Ball
1-1: Ball
2-1: Called Strike
2-2: TRIPLE (Flyball, 89XD, EV 103.1 MPH)
Batting: RHB Jim Conrad 0-0: Called Strike
0-1: SINGLE (Groundball, 34D, EV 98.1 MPH)
Raita Inouye scores
Batting: RHB Willie de los Santos 0-0: Ball
1-0: Foul Ball, location: 2F
1-1: Ball
2-1: SINGLE (Groundball, 3D, EV 97.5 MPH)
Jim Conrad to second
Runner from 2nd tries for 3rd, SAFE, throw by RF made to third
Willie de los Santos to second
Batting: RHB Scott Wiggs 0-0: Foul Ball, location: 2F
0-1: Ground out 6-3 (Groundball, 6, EV 93.1 MPH)
Jim Conrad scores
Willie de los Santos to third
Batting: SHB D.J. Codd 0-0: Foul Ball, location: 2F
0-1: Swinging Strike
0-2: Strikes out swinging
Top of the 3rd over - 2 runs, 3 hits, 0 errors, 1 left on base; Beloit 2 - Lansing 1
BOTTOM OF THE 3RD
Lansing Lugnuts batting - Pitching for Beloit Snappers : LHP Jimmy Ford
Batting: RHB Elliot Manfredini 0-0: Ball
1-0: Ball
2-0: Ball
3-0: Base on Balls
Batting: RHB Finn Ross 0-0: Called Strike
0-1: Swinging Strike
0-2: Grounds into double play, 6-4-3 (Groundball, 6, EV 85.6 MPH)
Batting: LHB Cedric Saunders 0-0: Ball
1-0: SOLO HOME RUN (Flyball, 78XD, EV 98.1 MPH), Distance : 387 ft
Batting: RHB Ivan Ramirez 0-0: Called Strike
0-1: Ball
1-1: Ball
2-1: Hit by Pitch
Batting: RHB Bryan Westray 0-0: Foul Ball, location: 2F
0-1: Fielders Choice at 2nd, 6-4 (Groundball, 56, EV 79.4 MPH)
Bottom of the 3rd over - 1 run, 1 hit, 0 errors, 1 left on base; Beloit 2 - Lansing 2
TOP OF THE 4TH
Beloit Snappers batting - Pitching for Lansing Lugnuts : RHP Young-ghil Sohn
Batting: RHB Moses Brokken 0-0: Ball
1-0: Ball
2-0: Called Strike
2-1: Swinging Strike
2-2: Fly out, F9 (Flyball, 9, EV 85.6 MPH)
Batting: LHB Nick Pacheco 0-0: Swinging Strike
0-1: Ground out U3 (Groundball, 3S, EV 70.0 MPH)
Batting: RHB Diwan Abdul-Salam 0-0: Called Strike
0-1: Ground out U3 (Groundball, 34, EV 100.6 MPH)
Top of the 4th over - 0 runs, 0 hits, 0 errors, 0 left on base; Beloit 2 - Lansing 2
BOTTOM OF THE 4TH
Lansing Lugnuts batting - Pitching for Beloit Snappers : LHP Jimmy Ford
Batting: RHB Luis Reyes 0-0: Swinging Strike
0-1: Swinging Strike
0-2: Foul Ball, location: 2F
0-2: Ball
1-2: Fly out, F8 (Flyball, 8LD, EV 105.0 MPH)
Batting: RHB Corey Davis 0-0: Called Strike
0-1: Fly out, F9 (Flyball, 9LS, EV 93.1 MPH)
Batting: RHB Darren McCarty Jr. 0-0: Called Strike
0-1: Called Strike
0-2: Ground out 4-3 (Groundball, 4, EV 83.1 MPH)
Bottom of the 4th over - 0 runs, 0 hits, 0 errors, 0 left on base; Beloit 2 - Lansing 2
TOP OF THE 5TH
Beloit Snappers batting - Pitching for Lansing Lugnuts : RHP Young-ghil Sohn
Batting: RHB Kyle Waters 0-0: Ball
1-0: Called Strike
1-1: Ball
2-1: Swinging Strike
2-2: Foul Ball, location: 2F
2-2: Ball
3-2: Foul Ball, location: 2F
3-2: Foul Ball, location: 2F
3-2: Fly out, F8 (Flyball, 8RXD, EV 82.5 MPH)
Batting: LHB Raita Inouye 0-0: Ball
1-0: DOUBLE (Line Drive, 9LS, EV 111.9 MPH)
Batting: RHB Jim Conrad 0-0: Called Strike
0-1: Ground out 3-1 (Groundball, 34S, EV 68.1 MPH)
Raita Inouye to third
Batting: RHB Willie de los Santos 0-0: Called Strike
0-1: Swinging Strike
0-2: Strikes out swinging
Top of the 5th over - 0 runs, 1 hit, 0 errors, 1 left on base; Beloit 2 - Lansing 2
BOTTOM OF THE 5TH
Lansing Lugnuts batting - Pitching for Beloit Snappers : LHP Jimmy Ford
Batting: LHB Dan Martinez 0-0: Ball
1-0: Foul Ball, location: 2F
1-1: Ground out 4-3 (Groundball, 4, EV 87.5 MPH)
Batting: RHB Elliot Manfredini 0-0: Called Strike
0-1: Ball
1-1: Foul Ball, location: 2F
1-2: Foul Ball, location: 2F
1-2: Ball
2-2: Ball
3-2: Fly out, F6 (Popup, 4MS, EV 85.0 MPH)
Batting: RHB Finn Ross 0-0: Ball
1-0: Fly out, F4 (Popup, 23, EV 91.2 MPH)
Bottom of the 5th over - 0 runs, 0 hits, 0 errors, 0 left on base; Beloit 2 - Lansing 2
TOP OF THE 6TH
Beloit Snappers batting - Pitching for Lansing Lugnuts : RHP Young-ghil Sohn
Batting: RHB Scott Wiggs 0-0: Ball
1-0: Fly out, F8 (Flyball, 8RXD, EV 94.4 MPH)
Batting: SHB D.J. Codd 0-0: DOUBLE (Line Drive, 9LM, EV 91.9 MPH)
Batting: RHB Moses Brokken 0-0: Called Strike
0-1: Ball
1-1: Swinging Strike
1-2: SINGLE (Flyball, 7LS, EV 93.1 MPH)
D.J. Codd to third
Runner from 3rd tries for Home, SAFE, throw by LF to home
Batting: LHB Nick Pacheco 0-0: Called Strike
0-1: Foul Ball, location: 2F
0-2: Ball
1-2: SINGLE (Flyball, 5D, EV 97.5 MPH)
Moses Brokken to second
Batting: RHB Diwan Abdul-Salam 0-0: Grounds into double play, 5-4-3 (Groundball, 56, EV 100.0 MPH)
Top of the 6th over - 1 run, 3 hits, 0 errors, 1 left on base; Beloit 3 - Lansing 2
BOTTOM OF THE 6TH
Lansing Lugnuts batting - Pitching for Beloit Snappers : LHP Jimmy Ford
Batting: LHB Cedric Saunders 0-0: Called Strike
0-1: Ball
1-1: Swinging Strike
1-2: Foul Ball, location: 2F
1-2: Ball
2-2: Strikes out swinging
Batting: RHB Ivan Ramirez 0-0: Ball
1-0: Called Strike
1-1: Ball
2-1: Called Strike
2-2: Ball
3-2: Fly out, F4 (Line Drive, 4, EV 71.9 MPH)
Batting: RHB Bryan Westray 0-0: Ball
1-0: Ground out 5-3 (Groundball, 5, EV 104.4 MPH)
Bottom of the 6th over - 0 runs, 0 hits, 0 errors, 0 left on base; Beloit 3 - Lansing 2
TOP OF THE 7TH
Beloit Snappers batting - Pitching for Lansing Lugnuts : RHP Young-ghil Sohn
Batting: RHB Kyle Waters 0-0: Called Strike
0-1: Foul Ball, location: 2F
0-2: Strikes out swinging
Batting: LHB Raita Inouye 0-0: Ball
1-0: Foul Ball, location: 2F
1-1: Ball
2-1: Foul Ball, location: 2F
2-2: Ball
3-2: Strikes out swinging
Batting: RHB Jim Conrad 0-0: Called Strike
0-1: Ball
1-1: Called Strike
1-2: Strikes out looking
Top of the 7th over - 0 runs, 0 hits, 0 errors, 0 left on base; Beloit 3 - Lansing 2
BOTTOM OF THE 7TH
Lansing Lugnuts batting - Pitching for Beloit Snappers : LHP Jimmy Ford
Batting: RHB Luis Reyes 0-0: Swinging Strike
0-1: Ground out 6-3 (Groundball, 6M, EV 90.0 MPH)
Batting: RHB Corey Davis 0-0: Called Strike
0-1: Ball
1-1: Swinging Strike
1-2: Foul Ball, location: 2F
1-2: Foul Ball, location: 2F
1-2: SINGLE (Flyball, 78S, EV 91.2 MPH)
Batting: RHB Darren McCarty Jr. 0-0: Called Strike
0-1: Ball
1-1: Swinging Strike
1-2: Strikes out swinging
Pinch Hitting: RHB B.J. Worthy 0-0: Called Strike
0-1: Ball
1-1: Called Strike
1-2: Ground out 4-3 (Groundball, 4, EV 80.6 MPH)
Bottom of the 7th over - 0 runs, 1 hit, 0 errors, 1 left on base; Beloit 3 - Lansing 2
TOP OF THE 8TH
Beloit Snappers batting - Pitching for Lansing Lugnuts : RHP Young-ghil Sohn
Now at 1B: B.J. Worthy
Now in LF: Bryan Westray
Batting: RHB Willie de los Santos 0-0: Swinging Strike
0-1: Ball
1-1: Called Strike
1-2: Ball
2-2: Strikes out swinging
Batting: RHB Scott Wiggs 0-0: Ball
1-0: Foul Ball, location: 2F
1-1: Swinging Strike
1-2: Ball
2-2: Ball
3-2: Fly out, F4 (Line Drive, 4, EV 72.5 MPH)
Pitching: RHP Germano Nunes
Batting: SHB D.J. Codd 0-0: Ball
1-0: Ball
2-0: Ball
3-0: Called Strike
3-1: Fly out, F9 (Flyball, 9S, EV 86.9 MPH)
Top of the 8th over - 0 runs, 0 hits, 0 errors, 0 left on base; Beloit 3 - Lansing 2
BOTTOM OF THE 8TH
Lansing Lugnuts batting - Pitching for Beloit Snappers : LHP Jimmy Ford
Now at 1B: Kyle Waters
Now at 3B: Willie de los Santos
Now at SS: Manny Moron
Now in LF: Raita Inouye
Now in CF: Rick Linders
Batting: RHB Elliot Manfredini 0-0: Ball
1-0: Ball
2-0: Called Strike
2-1: Ground out 5-3 (Groundball, 5L, EV 98.1 MPH)
Batting: RHB Finn Ross 0-0: SINGLE (Line Drive, 4D, EV 93.8 MPH)
Pitching: RHP Ubbe Dekker
Batting: LHB Cedric Saunders 0-0: Ball
1-0: Ball
2-0: Ball
3-0: Base on Balls
Finn Ross to second
Pinch Hitting: LHB Roger Escareno 0-0: Ball
1-0: Grounds into double play, 4-6-3 (Groundball, 4M, EV 85.6 MPH)
Bottom of the 8th over - 0 runs, 1 hit, 0 errors, 1 left on base; Beloit 3 - Lansing 2
TOP OF THE 9TH
Beloit Snappers batting - Pitching for Lansing Lugnuts : RHP Germano Nunes
Now in RF: David Ramirez
Pinch Hitting: LHB Tom Raupp 0-0: Ball
1-0: Ball
2-0: Foul Ball, location: 2F
2-1: Ground out 4-3 (Groundball, 34, EV 98.1 MPH)
Batting: RHB Manny Moron 0-0: Ball
1-0: Called Strike
1-1: Foul Ball, location: 2F
1-2: Strikes out swinging
Batting: RHB Diwan Abdul-Salam 0-0: Foul Ball, location: 2F
0-1: Ball
1-1: Ball
2-1: Ball
3-1: Called Strike
3-2: Base on Balls
Batting: RHB Kyle Waters 0-0: Ball
1-0: Ball
2-0: Swinging Strike
2-1: Foul Ball, location: 2F
2-2: SINGLE (Groundball, 4MD, EV 101.2 MPH)
Diwan Abdul-Salam to second
Pinch Runner at 2nd Dan Boylan:
Batting: LHB Raita Inouye 0-0: Swinging Strike
0-1: Foul Ball, location: 2F
0-2: Ball
1-2: Ball
2-2: Foul Ball, location: 2F
2-2: Strikes out looking
Top of the 9th over - 0 runs, 1 hit, 0 errors, 2 left on base; Beloit 3 - Lansing 2
BOTTOM OF THE 9TH
Lansing Lugnuts batting - Pitching for Beloit Snappers : RHP Ubbe Dekker
Pitching: RHP Andrew Douglas
Now in RF: Tom Raupp
Pinch Hitting: SHB Jose Garcia 0-0: Ball
1-0: Ball
2-0: Called Strike
2-1: Ball
3-1: Called Strike
3-2: Foul Ball, location: 2F
3-2: Strikes out swinging
Batting: RHB Luis Reyes 0-0: Called Strike
0-1: Ball
1-1: Foul Ball, location: 2F
1-2: Foul Ball, location: 2F
1-2: Fly out, F9 (Flyball, 9, EV 92.5 MPH)
Pinch Hitting: SHB David Beauchamp 0-0: Swinging Strike
0-1: Ball
1-1: Fly out, F8 (Flyball, 78D, EV 96.2 MPH)
Bottom of the 9th over - 0 runs, 0 hits, 0 errors, 0 left on base; Beloit 3 - Lansing 2
Thursday, March 31st , 2022 - OOTP Baseball 22.12 Build 89